 Dungeon Crawl Stone Soup version 0.18-a0-946-g3ac5b32 (webtiles) character file.

84 pk666 the Skirmisher (level 4, -5/42 HPs)
             Began as a Minotaur Berserker on Dec 29, 2015.
             Was a Believer of Trog.
             Slain by a worm (7 damage)
             ... on level 2 of the Dungeon.
             The game lasted 00:02:30 (1005 turns).

pk666 the Skirmisher (Minotaur Berserker)           Turns: 1005, Time: 00:02:30

Health: -5/42      AC:  5    Str: 22    XL:     4   Next: 23%
Magic:  3/3        EV: 11    Int:  4    God:    Trog [**....]
Gold:   54         SH:  0    Dex: 10    Spells: 0 memorised, 3 levels left

rFire  . . .     SeeInvis .     a - +0 hand axe
rCold  . . .     Gourm    .     q - +0 ring mail
rNeg   . . .     Faith    +     (no shield)
rPois  .         Spirit   .     (helmet restricted)
rElec  .         Dismiss  .     (no cloak)
rCorr  .         Reflect  .     (no gloves)
SustAt .         Harm     .     (no boots)
MR     .....                    i - amulet of faith
Stlth  ..........               (no ring)
                                (no ring)

@: exhausted, slowed, very slow, not resistant to hostile enchantments,
extremely unstealthy
A: retaliatory headbutt, horns 2
a: Berserk, Trog's Hand, Burn Spellbooks, Renounce Religion


You were on level 2 of the Dungeon.
You worshipped Trog.
Trog was pleased with you.
You were very hungry.

You visited 1 branch of the dungeon, and saw 2 of its levels.

You collected 54 gold pieces.

Inventory:

Hand Weapons
 a - a +0 hand axe (weapon)
Armour
 q - a +0 ring mail (worn)
Jewellery
 e - a +5 amulet of reflection
 i - an amulet of faith (around neck)
Scrolls
 d - a scroll of immolation {unknown}
 f - 4 scrolls of identify {unknown}
 k - a scroll of teleportation {unknown}
 m - a scroll of recharging {unknown}
 o - a scroll of enchant armour {unknown}
Potions
 b - a potion of poison {unknown}
 g - a potion of flight {unknown}
 h - a potion of resistance {unknown}
 l - a potion of curing {unknown}
 n - a potion of cure mutation {unknown}
Comestibles
 c - 2 bread rations
 j - a meat ration
 p - 3 chunks of flesh
 r - a beef jerky
 s - a slice of pizza


   Skills:
 + Level 5.0 Fighting
 + Level 5.0 Axes
 - Level 2.4 Armour
 - Level 2.1 Dodging


You had 3 spell levels left.
You didn't know any spells.

Dungeon Overview and Level Annotations

Branches:
Dungeon (2/15)

Altars:


Innate Abilities, Weirdness & Mutations

You reflexively headbutt those who attack you in melee.
You have a pair of horns on your head.


Message History

a spear; a worm corpse; a gnoll corpse You slash the gnoll!
You kill the gnoll!
Trog accepts your kill.
Your Fighting skill increases to level 5!
You hit the worm.
The worm is moderately wounded.
Things that are here:
a spear; a gnoll corpse You feel a strong urge to attack something.
The worm bites you!
* * * LOW HITPOINT WARNING * * *
You feel your anger subside.
You are no longer berserk.
You are exhausted.
You feel yourself slow down.
You are feeling very hungry.
You hit the worm.
The worm is severely wounded.
The worm bites you!
You die...

#..........#......#######
....................###
.............######...###
............# ###....
....>......# ####...
...........# #####......
...........# #...........
...........#.<.##........
........@..#.# #........
........w.$..# #........
...#...)....## #......(.
## ##.#)#.### #........
...#)#.#######...)....
#.###)#.##.............
.%. #.#.#..#.....[.....
#.# #.#......##........
#. ..#................


You could see a worm.

Vanquished Creatures
  3 gnolls (D:2)
  An adder (D:2)
  An ooze (D:1)
  A worm (D:2)
  6 goblins
  9 hobgoblins
  5 bats
  2 giant cockroaches
  A giant newt (D:1)
  4 kobolds
  A quokka (D:2)
  5 rats
39 creatures vanquished.

Notes
Turn   | Place    | Note
--------------------------------------------------------------
     0 | D:1      | pk666 the Minotaur Berserker began the quest for the Orb.
     0 | D:1      | Reached XP level 1. HP: 19/19 MP: 0/0
   213 | D:1      | Reached skill level 4 in Axes
   227 | D:1      | Reached XP level 2. HP: 27/27 MP: 1/1
   407 | D:1      | Reached ** piety under Trog
   808 | D:2      | Reached XP level 3. HP: 34/34 MP: 2/2
   995 | D:2      | Reached XP level 4. HP: 9/41 MP: 3/3
   997 | D:2      | Reached skill level 5 in Axes
   999 | D:2      | Reached skill level 5 in Fighting
  1001 | D:2      | HP: 1/63 [worm (7)]
  1005 | D:2      | Slain by a worm

Vault maps used:
D:1:      evilmike_arrival_hilbert_curve, due_unseen_surprise
D:2:      uniq_terence

Action                   |  1- 3 |  4- 6 || total
-------------------------+-------+-------++-------
Melee: Hand axe          |    71 |     4 ||    75
Invok: Berserk           |     1 |       ||     1
